 Dungeon Crawl Stone Soup version 0.31-a0-542-gdc2a67831c (webtiles) character file.

Game seed: 4707110705356723800

304 AdnanSaban the Cudgeller (level 6, -17/38 HPs)
             Began as a Gargoyle Fighter on Aug 14, 2023.
             Demolished by an ogre
             ... wielding a +0 giant spiked club
              (19 damage)
             ... on level 4 of the Dungeon.
             The game lasted 00:02:35 (2690 turns).

AdnanSaban the Cudgeller (Gargoyle Fighter)         Turns: 2690, Time: 00:02:36

Health: -17/38     AC: 17    Str: 21    XL:     6   Next: 38%
Magic:  6/6        EV: 11    Int:  9    God:
Gold:   203        SH:  4    Dex:  9    Spells: 5/5 levels left

rFire   . . .        a - +0 flail
rCold   . . .        c - +0 buckler
rNeg    + . .        w - +0 plate armour
rPois   ∞            (no helmet)
rElec   +            (no cloak)
rCorr   .            (no gloves)
SInv    +            e - +0 pair of boots
Will    .....        (no amulet) Stlth
                     o - +5 ring of evasion
HPRegen 0.26/turn    q - ring of see invisible
MPRegen 0.10/turn

%: no passive effects
@: no status effects
A: sickness immunity, AC +4, negative energy resistance 1, electricity
resistance, torment resistance 1, petrification resistance
a: no special abilities


You were on level 4 of the Dungeon.
You visited 1 branch of the dungeon, and saw 4 of its levels.

You collected 203 gold pieces.

Inventory:

Hand Weapons
 a - a +0 flail (weapon)
Missiles
 r - 14 poisoned darts (quivered)
 s - 6 javelins
Armour
 c - a +0 buckler (worn)
 e - a +0 pair of boots (worn)
 w - a +0 plate armour (worn)
Jewellery
 o - a +5 ring of evasion (left hand)
 q - a ring of see invisible (right hand)
 t - a ring of ice
 u - a ring of flight
 v - a ring of ice
Scrolls
 b - a scroll of immolation {unknown}
 h - a scroll of noise {unknown}
 j - a scroll of enchant armour {unknown}
 l - 3 scrolls of teleportation {unknown}
 p - 2 scrolls of identify {unknown}
Potions
 d - a potion of might
 f - a potion of curing {unknown}
 g - 2 potions of berserk rage {unknown}
 i - a potion of enlightenment {unknown}
 k - a potion of attraction {unknown}
 m - a potion of mutation {unknown}
 n - a potion of lignification {unknown}


   Skills:
 + Level 4.2 Fighting
 + Level 4.4 Maces & Flails
 + Level 4.4 Armour
 + Level 1.3 Dodging
 + Level 0.4 Stealth
 + Level 4.1 Shields


You had 5 spell levels left.
You didn't know any spells.
Your spell library contained the following spells:

 Spells                   Type           Power      Damage    Failure   Level
 Sandblast                Erth           0%         2d4       100%        1
 Passwall                 Tmut/Erth      0%         N/A       100%        2
 Wereblood                Tmut           0%         N/A       100%        2
 Stone Arrow              Conj/Erth      0%         3d7       100%        3
 Irradiate                Conj/Tmut      0%         3d11      100%        5


Dungeon Overview and Level Annotations

Branches:
Dungeon (4/15)
 Temple: D:4-7

Altars:


Innate Abilities, Weirdness & Mutations

You are immune to sickness and miasma.
Your stone body is resilient. (AC +4)
You are immune to poison.
You resist negative energy. (rN+)
You are resistant to electric shocks. (rElec)
You are resistant to unholy torment.
You are immune to petrification.


Message History

No target in view!
No target in view!
No target in view!
No target in view!
p - 2 scrolls labelled ECSEAL SUYVUULOYS (gained 1)
You see here a +0 flail.
You now have 203 gold pieces (gained 14).
Found a stone staircase leading down.
v - a ring of ice
Found 4 stones.
No target in view!
No target in view!
No target in view!
No target in view!
An ogre comes into view. It is wielding a +0 giant spiked club.
An ogre is nearby!
An ogre is nearby!
Found a quarterstaff.
You throw a poisoned dart. The poisoned dart hits the ogre.
You throw a poisoned dart.
The poisoned dart barely misses the ogre.
You hit the ogre but do no damage. The ogre barely misses you.
You sock the ogre!
The ogre is moderately wounded.
The ogre hits you with a +0 giant spiked club!
You hit the ogre.
The ogre is moderately wounded.
You barely miss the ogre.
The ogre is moderately wounded.
The ogre hits you with a +0 giant spiked club!!
Ouch! That really hurt!
* * * LOW HITPOINT WARNING * * *
You are too injured to fight recklessly!
You are too injured to fight recklessly!
The ogre hits you with a +0 giant spiked club.
* * * LOW HITPOINT WARNING * * *
The ogre attacks as you move away!
The ogre hits you with a +0 giant spiked club!!
Ouch! That really hurt!
You die...

#.........#.##.# #......
###.......##.##.####......
###>.......###.#........)...
#............#.#...#........
#.....#....#........#.....#.
##....#......####...(.......
####.....###....#
###..#...... #..##....#
##...## #..##..##.
#......#######@..#
##..##..... ##..#.##
##.#.O..##..#..# #....
###### #........(....## #...
##......(##...# #....##.# ..
##..## ... ##.# .... ...
...). #..( ....


You could see an ogre.

Vanquished Creatures
  A phantom (D:4)
  A scorpion (D:4)
  An iguana (D:3)
  An orc wizard (D:3)
  A gnoll (D:1)
  4 adders
  2 worms
  A dart slug (D:1)
  7 orcs
  2 endoplasms (D:2)
  4 giant cockroaches
  4 goblins
  6 hobgoblins
  9 jackals
  3 kobolds
  3 quokkas (D:3)
  2 ball pythons
  7 bats
  2 frilled lizards
  3 rats
64 creatures vanquished.

Notes
Turn   | Place    | Note
-------+----------+-------------------------------------------
     0 | D:1      | AdnanSaban the Gargoyle Fighter began the quest for the
                  | Orb.
     0 | D:1      | Reached XP level 1. HP: 14/14 MP: 1/1
   146 | D:1      | Reached XP level 2. HP: 9/19 MP: 2/2
   429 | D:1      | Reached XP level 3. HP: 23/23 MP: 3/3
  1035 | D:2      | Identified the +1 scale mail of the Abyss {Fly rC- Int+3
                  | Stlth+}
  1143 | D:2      | Reached XP level 4. HP: 28/28 MP: 4/4
  1635 | D:3      | Reached skill level 1 in Dodging
  1867 | D:3      | Reached XP level 5. HP: 32/33 MP: 5/5
  2357 | D:4      | Noticed a phantom
  2371 | D:4      | Killed a phantom
  2439 | D:4      | Reached XP level 6. HP: 35/38 MP: 6/6
  2690 | D:4      | Demolished by an ogre

Illustrated notes

Levels and vault maps discovered:
D:1:      dpeg_arrival_pits, layout_basic, minmay_three_crescents
D:2:      layout_loops_ring
D:3:      layout_basic, minmay_stone_trees_medium, nicolae_figureground_pulse
D:4:      layout_cave_pools, kennysheep_mini_moat, sigmund_edmund_badplayer

Skill      XL: |  1  2  3  4  5 |
---------------+----------------+-----
Maces & Flails | 3 4 |  4.4
Dodging        | 1 |  1.3
Armour         | 4 |  4.4
Shields        | 4 |  4.1
Fighting       | 4 |  4.2
Stealth        | |  0.4

Action                     |  1- 3 |  4- 6 || total
---------------------------+-------+-------++-------
  Melee: Flail             |   134 |   133 ||   267
  Throw: Dart              |       |     2 ||     2
 Armour: Scale mail        |    98 |    38 ||   136
         Plate armour      |       |    31 ||    31
  Dodge: Dodged            |    92 |    95 ||   187
  Block: Buckler           |    39 |    24 ||    63

Table legend: (Time is in decaauts)
 A = Elapsed time spent in this place.
 B = Non-inter-level travel time spent in this place.
 C = Inter-level travel time spent in this place.
 D = Time resting spent in this place.
 E = Time spent auto-exploring this place.
 F = Levels seen in this place.
 G = Mean time per level.
                   A        B        C        D        E       F      G
               +--------+--------+--------+--------+--------+-----+--------+
         Total |   2769 |   2648 |    121 |     63 |   1943 |   4 |  692.2 |
       Dungeon |   2769 |   2648 |    121 |     63 |   1943 |   4 |  692.2 |
               +--------+--------+--------+--------+--------+-----+--------+

Top non-repeatable levels by time:
     D:3: 881 daAuts
     D:2: 812 daAuts
     D:1: 782 daAuts
     D:4: 294 daAuts
